 Dungeon Crawl Stone Soup version 0.30-a0-374-g95c0257040 (webtiles) character file.

Game seed: 13899095823628372255

609 funkygono the Firebug (level 7, -1/47 HPs)
             Began as a Demonspawn Fire Elementalist on Nov 25, 2022.
             Was an Initiate of Vehumet.
             Killed by nerve-wracking pain
             ... invoked by Menkaure
              (11 damage)
             ... on level 5 of the Dungeon on Nov 26, 2022.
             The game lasted 00:08:43 (5347 turns).

funkygono the Firebug (DsFE)                        Turns: 5347, Time: 00:08:44

Health: -1/47      AC:  4    Str: 14    XL:     7   Next: 19%
Magic:  3/13       EV: 12    Int: 25    God:    Vehumet [......]
Gold:   137        SH:  0    Dex: 13    Spells: 5/15 levels left

rFire   . . .      SeeInvis .    d - +1 falchion (vorpal)
rCold   . . .      Faith    .    (no shield)
rNeg    . . .      Spirit   .    a - +0 robe
rPois   .          Reflect  .    (helmet restricted)
rElec   .          Harm     .    (no cloak)
rCorr   .          Rampage  .    (no gloves)
Will    .....                    (no boots)
Stlth   ++........               (no amulet)
HPRegen 0.27/turn                c - +6 ring of intelligence
MPRegen 0.13/turn                r - +6 ring of strength

@: no status effects
A: horns 1, yellow scales 1
a: Renounce Religion


You were on level 5 of the Dungeon.
You worshipped Vehumet.
Vehumet was noncommittal.
You visited 2 branches of the dungeon, and saw 6 of its levels.

You collected 137 gold pieces.

Inventory:

Hand Weapons
 d - a +1 vorpal falchion (weapon)
 i - a +0 mace
 k - a +0 whip
Armour
 a - a +0 robe (worn)
 f - a +2 helmet
 l - a +2 kite shield
Jewellery
 c - a +6 ring of intelligence (left hand)
 q - the ring "Ulilot" {*Corrode AC+4 Str-4 Int+6}
   (You found it on level 2 of the Dungeon)

   [ring of protection]

   AC:        It affects your AC (+4).
   Str:       It affects your strength (-4).
   Int:       It affects your intelligence (+6).
   *Corrode:  It may corrode you when you take damage.
 r - a +6 ring of strength (right hand)
Scrolls
 j - 2 scrolls of blinking
 m - 2 scrolls of butterflies
 o - a scroll of amnesia
 p - a scroll of enchant armour
 t - 4 scrolls of teleportation
Potions
 b - 2 potions of magic
 e - 2 potions of invisibility
 g - 3 potions of haste {unknown}
 h - 3 potions of heal wounds
 n - a potion of degeneration {unknown}
 s - a potion of cancellation {unknown}
 u - 4 potions of curing {unknown}
 v - a potion of flight {unknown}
 w - 3 potions of might {unknown}


   Skills:
 + Level 0.3 Fighting
 + Level 0.7 Long Blades
 + Level 0.1 Maces & Flails
 + Level 2.6 Dodging
 - Level 1.7 Stealth
 + Level 4.6 Spellcasting
 + Level 2.8 Conjurations
 + Level 5.1 Fire Magic


You had 5 spell levels left.
You knew the following spells:

 Your Spells              Type           Power      Damage    Failure   Level
a - Foxfire               Conj/Fire      100%       2x1d9     1%          1
b - Scorch                Fire           62%        2d8       1%          2
c - Kindle Blastsparks    Fire/Tloc/Air  28%        2d12      13%         3
d - Flame Wave            Conj/Fire      25%        2d8       16%         4

Your spell library contained the following spells:

 Spells                   Type           Power      Damage    Failure   Level
 Momentum Strike          Conj/Tloc      26%        3d8       7%          2
 Slow                     Hex            20%        N/A       9%          1
 Inner Flame              Hex/Fire       18%        N/A       9%          3
 Blink                    Tloc           10%        N/A       13%         2
 Confusing Touch          Hex            5%         N/A       26%         3
 Lesser Beckoning         Tloc           10%        N/A       26%         3
 Vampiric Draining        Necr           5%         2d6       26%         3
 Airstrike                Air            2%         2d(1-17)  65%         4
 Summon Lightning Spire   Summ/Air       5%         N/A       65%         4
 Lightning Bolt           Conj/Air       6%         1d18      78%         5


Dungeon Overview and Level Annotations

Branches:
Dungeon (5/15)             Temple (1/1) D:4

Altars:
Ashenzari
Cheibriados
Dithmenos
Fedhas
Hepliaklqana
Kikubaaqudgha
Makhleb
Okawaru
Qazlal
Uskayaw
Vehumet
Wu Jian
Xom
Yredelemnul

Shops:
D:3 (   D:4 [

Annotations:
D:5 Menkaure


Innate Abilities, Weirdness & Mutations

You have a pair of small horns on your head.
You are partially covered in yellow scales. (AC +2)


Message History

Confirm with . or Enter, or press ? or * to list all spells.
You conjure some foxfire!
Casting: Foxfire (safe; 1% risk of failure)
Confirm with . or Enter, or press ? or * to list all spells.
Flames lash the scorpion.
You kill the scorpion!
Vehumet accepts your kill.
Menkaure mumbles some strange words.
Menkaure seems to speed up.
The foxfire hits the iguana.
The iguana is lightly wounded.
The foxfire hits the iguana!
The iguana is heavily wounded.
Casting: Scorch (safe; 1% risk of failure)
Confirm with . or Enter, or press ? or * to list all spells.
You conjure some foxfire!
The foxfire hits the iguana.
The iguana is almost dead.
The foxfire hits the iguana but does no damage.
The iguana is almost dead.
You see here a water moccasin skeleton.
Things that are here:
a +0 leather armour; a +0 short sword
Casting: Foxfire (safe; 1% risk of failure)
Confirm with . or Enter, or press ? or * to list all spells.
You conjure some foxfire!
The foxfire hits the iguana.
You kill the iguana!
Vehumet accepts your kill.
Menkaure calls on the powers of darkness!
Your body is wracked with pain!
The foxfire hits Menkaure!
Menkaure is burned terribly!
Menkaure is moderately damaged.
Menkaure calls on the powers of darkness!
Your body is wracked with pain!
Menkaure calls on the powers of darkness!
Your body is wracked with pain!
* * * LOW HITPOINT WARNING * * *
Menkaure casts a spell at you. Pain shoots through your body!
You die...

#.### #.# ### #.# ..# #.# #
#####.# #.# # # .....# #.# #
#.#########..## ###.###
#..<.÷........#########M.[.M÷
###########.@...........#>###
#.#.#######...#...#
#.#.........#####..
#.....M.......# .#
#############.# ### ... # ###
#


You could see Menkaure (fast).

Vanquished Creatures
  A water moccasin (D:5)
  An ogre (D:5)
  2 scorpions
  2 hounds
  An iguana (D:5)
  Robin (D:1)
  4 adders
  6 gnolls
  2 adder zombies (D:3)
  3 worms
  4 dart slugs
  6 orcs
  2 bats
  3 endoplasms
  5 giant cockroaches
  8 goblins
  12 hobgoblins
  6 jackals (D:1)
  7 kobolds
  2 quokkas (D:1)
  6 ball pythons
  A frilled lizard (D:1)
  13 rats
98 creatures vanquished.

Vanquished Creatures (collateral kills)
  A foxfire (D:4)
1 creature vanquished.

Vanquished Creatures (others)
  245 foxfires
  3 fungi (D:4)
248 creatures vanquished.

Grand Total: 347 creatures vanquished

Notes
Turn   | Place    | Note
-------+----------+-------------------------------------------
     0 | D:1      | funkygono the Demonspawn Fire Elementalist began the quest
                  | for the Orb.
     0 | D:1      | Reached XP level 1. HP: 13/13 MP: 3/3
   278 | D:1      | Reached skill level 3 in Fire Magic
   331 | D:1      | Gained mutation: You are partially covered in yellow
                  | scales. (AC +2) [demonic ancestry]
   331 | D:1      | Reached XP level 2. HP: 19/19 MP: 0/5
   925 | D:1      | Reached XP level 3. HP: 24/24 MP: 3/6
  1522 | D:1      | Learned a level 2 spell: Scorch
  1526 | D:1      | Learned a level 3 spell: Kindle Blastsparks
  1835 | D:2      | Noticed Robin
  1855 | D:1      | Killed Robin
  2126 | D:2      | Identified the ring "Ulilot" {*Corrode AC+4 Str-4 Int+6}
  2328 | D:2      | Reached XP level 4. HP: 30/30 MP: 3/7
  2619 | D:3      | Noticed a scorpion
  2639 | D:3      | Killed a scorpion
  2847 | D:3      | Reached XP level 5. HP: 35/35 MP: 3/9
  3035 | D:3      | Reached skill level 4 in Fire Magic
  3106 | D:3      | Found Saurrus's Weapon Boutique.
  3563 | D:3      | Found a basalt altar of Yredelemnul.
  3720 | D:3      | Learned a level 4 spell: Flame Wave
  4095 | D:4      | Found a staircase to the Ecumenical Temple.
  4109 | Temple   | Entered the Ecumenical Temple
  4117 | Temple   | Became a worshipper of Vehumet
  4283 | D:4      | Found Kaudeimo's Armour Shoppe.
  4459 | D:4      | Found a snail-covered altar of Cheibriados.
  4999 | D:5      | Entered Level 5 of the Dungeon
  5004 | D:5      | Reached XP level 6. HP: 41/41 MP: 6/11
  5067 | D:5      | Noticed a water moccasin
  5075 | D:5      | Killed a water moccasin
  5287 | D:5      | Reached skill level 5 in Fire Magic
  5287 | D:5      | Gained mutation: You have a pair of small horns on your
                  | head. [demonic ancestry]
  5287 | D:5      | Reached XP level 7. HP: 46/46 MP: 2/13
  5316 | D:5      | Noticed Menkaure
  5347 | D:5      | Killed from afar by Menkaure

Illustrated notes

Levels and vault maps discovered:
D:1:      dpeg_arrival_circle_labyrinth_c, layout_basic, minmay_tetromino_o4
D:2:      minmay_door_path, layout_rooms, uniq_robin
D:3:      layout_loops_ring, lemuel_zombie_altar_yredelemnul, serial_shops,
          shop_fountains, dk_noncrumbling_3
D:4:      layout_cave_pods, kennysheep_slug_shrine,
          minmay_temple_entry_purple_smoke, serial_shops, nicolae_stop_n_shop_1,
          dreamdust_gnoll_farm
D:5:      layout_loops_ring, lightli_sewer_entry_pipes,
          kennysheep_generic_room_11, uniq_menkaure
Temple:   nicolae_temple_two_arcs

Skill      XL: |  1  2  3  4  5  6 |
---------------+-------------------+-----
Fire Magic     | 3 4 5 |  5.1
Dodging        | 2 |  2.6
Spellcasting   | 3 4 |  4.6
Conjurations   | 2 |  2.8
Fighting       | |  0.3
Long Blades    | |  0.7
Maces & Flails | |  0.1
Stealth        | |  1.7

Action                   |  1- 3 |  4- 6 |  7- 9 || total
-------------------------+-------+-------+-------++-------
Melee: Mace              |     2 |       |       ||     2
       Whip              |     1 |     1 |       ||     2
       Falchion          |       |     9 |       ||     9
 Cast: Foxfire           |    71 |    68 |     5 ||   144
       Scorch            |     5 |    32 |     1 ||    38
  Use: Scroll            |     5 |     5 |       ||    10
Armor: Robe              |    16 |     8 |       ||    24
Dodge: Dodged            |    32 |    28 |       ||    60

Table legend: (Time is in decaauts)
 A = Elapsed time spent in this place.
 B = Non-inter-level travel time spent in this place.
 C = Inter-level travel time spent in this place.
 D = Time resting spent in this place.
 E = Time spent auto-exploring this place.
 F = Levels seen in this place.
 G = Mean time per level.
                   A        B        C        D        E       F      G
               +--------+--------+--------+--------+--------+-----+--------+
         Total |   5359 |   5191 |    168 |    530 |   3831 |   6 |  893.2 |
       Dungeon |   5240 |   5080 |    160 |    530 |   3733 |   5 | 1048.0 |
        Temple |    118 |    111 |      7 |      0 |     98 |   1 |  118.0 |
               +--------+--------+--------+--------+--------+-----+--------+

Top non-repeatable levels by time:
     D:1: 1781 daAuts
     D:3: 1120 daAuts
     D:4: 1105 daAuts
     D:2: 914 daAuts
     D:5: 318 daAuts
  Temple: 118 daAuts
